 Dungeon Crawl Stone Soup version 0.26-a0-946-g9485abf61d (webtiles) character file.

Game seed: 1214488639316122578

1993 Forecaster the Magician (level 9, -6/75 HPs)
             Began as a Naga Hedge Wizard on Nov 28, 2020.
             Was a Believer of Dithmenos.
             Mangled by a white ugly thing (27 damage)
             ... on level 7 of the Dungeon.
             The game lasted 00:41:19 (8790 turns).

Forecaster the Magician (Naga Hedge Wizard)         Turns: 8790, Time: 00:41:21

Health: -6/75      AC:  9    Str: 12    XL:     9   Next: 21%
Magic:  13/18      EV: 12    Int: 16    God:    Dithmenos [**....]
Gold:   445        SH:  5    Dex: 19    Spells: 13/20 levels left

rFire    . . .     SeeInvis +   l - +4 dagger
rCold    . . .     Faith    .   (no shield)
rNeg     . . .     Spirit   .   h - +1 robe {Archmagi}
rPois    +         Reflect  +   c - +0 hat
rElec    .         Harm     .   i - +2 cloak
rCorr    .         Rampage  .   E - +0 pair of gloves
MR       +....                  (no barding)
Stlth    ++++......             p - amulet of reflection
HPRegen  0.22/turn              v - ring of wizardry
MPRegen  0.16/turn              C - +6 ring of dexterity

@: wreathed by umbra, very slow
A: large, see invisible, deformed body, poison resistance, slowness 2, spit
poison 1, AC +3
a: Spit Poison, Shadow Step, Renounce Religion


You were on level 7 of the Dungeon.
You worshipped Dithmenos.
Dithmenos was pleased with you.
You visited 1 branch of the dungeon, and saw 7 of its levels.

You collected 445 gold pieces.

Inventory:

Hand Weapons
 a - a +0 dagger
 d - a +1 whip of freezing
 l - a +4 dagger (weapon)
 M - a +2 short sword of speed
Missiles
 e - 44 poisoned darts
Armour
 b - a +0 robe
 c - a +0 hat (worn)
 h - a +1 robe of the Archmagi (worn)
 i - a +2 cloak (worn)
 j - a scarf of harm
 E - a +0 pair of gloves (worn)
 G - a cursed +0 scale mail
 K - a +0 pair of gloves
 P - a +3 ring mail
Jewellery
 n - an uncursed ring of protection from fire {unknown}
 p - an amulet of reflection (around neck)
 v - a ring of wizardry (left hand)
 A - an uncursed amulet of faith
 C - a +6 ring of dexterity (right hand)
 J - a +4 ring of protection {unknown}
 O - an uncursed amulet of the acrobat {unknown}
 Q - an uncursed ring of protection from cold
 S - an uncursed ring of positive energy
Wands
 k - a wand of polymorph (4)
 y - a wand of random effects (9)
 F - a wand of flame (9)
Scrolls
 f - 6 scrolls of teleportation
 r - a scroll of blinking
 s - 3 scrolls of fear
 w - a scroll of remove curse
 x - 2 scrolls of amnesia
 I - 2 scrolls of identify
 L - a scroll of enchant armour {unknown}
 N - a scroll of silence {unknown}
Potions
 g - a potion of mutation {unknown}
 m - 2 potions of might {unknown}
 o - 6 potions of flight
 q - 2 potions of lignification {unknown}
 t - 4 potions of heal wounds
 u - a potion of resistance {unknown}
 z - 2 potions of brilliance {unknown}
 B - 3 potions of curing
 D - 2 potions of haste
 H - a potion of magic {unknown}
 R - a potion of attraction {unknown}


   Skills:
 + Level 3.0 Fighting
 + Level 4.6 Short Blades
 + Level 0.9 Maces & Flails
 + Level 3.8 Dodging
 + Level 5.7 Stealth
 + Level 1.4 Shields
 + Level 6.4 Spellcasting
 + Level 3.2 Conjurations
 + Level 4.1 Summonings
 + Level 1.1 Translocations
 + Level 0.4 Transmutations


You had 13 spell levels left.
You knew the following spells:

 Your Spells              Type           Power        Failure   Level
a - Magic Dart            Conj           ###.         1%          1
b - Call Imp              Summ           ####....     1%          2
c - Blink                 Tloc           N/A          4%          2
d - Passwall              Tmut/Erth      #.......     8%          2

Your spell library contained the following spells:

 Spells                   Type           Power        Failure   Level
 Foxfire                  Conj/Fire      ###.         2%          1
 Slow                     Hex            #.......     9%          2
 Swiftness                Air            #.......     9%          2
 Conjure Flame            Conj/Fire      ###.....     9%          3
 Mephitic Cloud           Conj/Pois/Air  ##......     11%         3
 Inner Flame              Hex/Fire       #.......     16%         3
 Sticky Flame             Conj/Fire      ###.....     26%         4
 Passage of Golubria      Tloc           N/A          32%         4
 Cause Fear               Hex            #.........   45%         4
 Fireball                 Conj/Fire      ###.......   56%         5
 Yara's Violent Unravell  Hex/Tmut       #.........   77%         5
 Lee's Rapid Deconstruct  Erth           #.........   78%         5
 Silence                  Hex/Air        #.........   78%         5
 Invisibility             Hex            #.......     100%        6
 Discord                  Hex            #.........   100%        8


Dungeon Overview and Level Annotations

Branches:
Dungeon (7/15)             Temple (0/1) D:5

Altars:
Ashenzari
Dithmenos
Gozag
Hepliaklqana
Okawaru
Qazlal
Ru
Xom
The Shining One


Innate Abilities, Weirdness & Mutations

You cannot wear boots.
Your serpentine skin is tough. (AC +3)
You have supernaturally acute eyesight. (SInv)
Armour fits poorly on your strangely shaped body.
Your system is resistant to poisons. (rPois)
You cover ground very slowly.
You can spit poison.


Message History

Casting: Call Imp (safe; 1% risk of failure)
Confirm with . or Enter, or press ? or * to list all spells.
You feel a surge of power!
A beastly little devil appears in a puff of flame.
You open the large door.
You swap places.
The orc shouts!
The white ugly thing misses you.
Your crimson imp blinks! x2
The white ugly thing headbutts you! The white ugly thing freezes you!!
Your white imp gestures at the white ugly thing.
The puff of frost hits the white ugly thing.
The white ugly thing resists.
You hit the white ugly thing.
The white ugly thing is lightly wounded.
Your white imp closely misses the white ugly thing.
The white ugly thing headbutts you!
* * * LOW HITPOINT WARNING * * *
The white ugly thing freezes you!!
You die...

...............#
...............#
######<........#
#.............##
#........####..#
#..######..####.###
#. ##.#......## #
#.#.###...#
#....5u@..#
#.'.##'5##5.# ###
#8$.8 #.# #8....8
.# #|..o.[#.#
#/....}#.#
#8....8#.#
##8..8##.#


You could see a white ugly thing, 2 friendly crimson imps and a friendly white
imp (summoned).

Vanquished Creatures
  A centaur skeleton (D:7)
  Sigmund (D:2)
  2 ice beasts
  2 sky beasts
  A phantom (D:5)
  An ogre (D:4)
  A bullfrog (D:7)
  A scorpion (D:6)
  2 howler monkeys
  A bullfrog zombie (D:6)
  An orc wizard (D:6)
  2 hounds
  2 orc priests
  A gnoll shaman (D:4)
  An iguana (D:5)
  4 worker ants
  A hound zombie (D:6)
  3 gnolls (D:4)
  5 adders
  2 white imps
  An ufetubus (D:6)
  2 worms (D:4)
  2 dart slugs
  4 leopard geckos
  5 orcs
  3 ball pythons
  8 bats
  6 giant cockroaches
  18 goblins
  6 hobgoblins
  3 jackals (D:1)
  A quokka (D:6)
  A ball python skeleton (D:5)
  8 frilled lizards
  5 kobolds
  2 leopard gecko skeletons
  An orc skeleton (D:6)
  5 rats
116 creatures vanquished.

Vanquished Creatures (collateral kills)
  Grinder (D:3)
  An orc warrior (D:7)
  An ogre (D:7)
  A scorpion (D:4)
  A howler monkey (D:7)
  A bullfrog zombie (D:4)
  A quasit (D:6)
  2 hounds
  2 jellies
  An orc wizard (D:6)
  A worker ant (D:7)
  Robin (D:2)
  2 gnolls (D:4)
  An adder (D:4)
  2 adder skeletons (D:4)
  5 orcs
  2 goblins (D:2)
  A hobgoblin (D:2)
  3 hobgoblin zombies (D:6)
  A kobold skeleton (D:6)
  A kobold zombie (D:6)
32 creatures vanquished.

Vanquished Creatures (others)
  A gnoll (D:4)
1 creature vanquished.

Grand Total: 149 creatures vanquished

Notes
Turn   | Place    | Note
-------+----------+-------------------------------------------
     0 | D:1      | Forecaster the Naga Hedge Wizard began the quest for the
                  | Orb.
     0 | D:1      | Reached XP level 1. HP: 15/15 MP: 4/4
   430 | D:1      | Reached XP level 2. HP: 22/22 MP: 4/6
   433 | D:1      | Learned a level 2 spell: Call Imp
   436 | D:1      | Learned a level 2 spell: Blink
  1376 | D:1      | Reached XP level 3. HP: 28/28 MP: 1/8
  1728 | D:2      | Noticed Robin
  1883 | D:2      | Noticed Sigmund
  1893 | D:2      | HP: 1/28 [Sigmund/magic dart (6)]
  1894 | D:2      | Killed Sigmund
  1895 | D:2      | Reached skill level 1 in Fighting
  1895 | D:2      | Reached skill level 1 in Short Blades
  1895 | D:2      | Reached skill level 4 in Spellcasting
  1895 | D:2      | Reached XP level 4. HP: 2/38 MP: 6/10
  1895 | D:2      | Reached XP level 5. HP: 3/44 MP: 6/11
  2348 | D:2      | Found an opulent altar of Gozag.
  2438 | D:2      | Killed Robin
  2441 | D:2      | Reached XP level 6. HP: 50/51 MP: 2/12
  2873 | D:2      | Found a sacrificial altar of Ru.
  3222 | D:3      | Found an iron altar of Okawaru.
  3269 | D:3      | Found a broken altar of Ashenzari.
  3501 | D:3      | Noticed Grinder
  3574 | D:3      | Killed Grinder
  3749 | D:3      | Learned a level 2 spell: Passwall
  3894 | D:3      | Found a shadowy altar of Dithmenos.
  3898 | D:3      | Became a worshipper of Dithmenos the Shadowed
  4624 | D:4      | Reached XP level 7. HP: 15/57 MP: 8/14
  4790 | D:4      | Found a glowing drain.
  5125 | D:4      | Reached * piety under Dithmenos
  5126 | D:4      | Reached skill level 5 in Spellcasting
  5646 | D:5      | Entered Level 5 of the Dungeon
  6032 | D:5      | Found a staircase to the Ecumenical Temple.
  6106 | D:5      | Reached XP level 8. HP: 65/67 MP: 10/15
  6294 | D:5      | Reached skill level 5 in Stealth
  7035 | D:6      | Found a glowing golden altar of the Shining One.
  7235 | D:6      | Found a shimmering altar of Xom.
  7236 | D:6      | Found a hazy altar of Hepliaklqana.
  7237 | D:6      | Noticed a spectral ugly thing
  7606 | D:7      | Reached skill level 1 in Shields
  7725 | D:7      | Reached skill level 6 in Spellcasting
  7725 | D:7      | Reached XP level 9. HP: 26/74 MP: 9/18
  8393 | D:7      | Found a stormy altar of Qazlal.
  8455 | D:7      | Reached ** piety under Dithmenos
  8780 | D:7      | Found a large runed translucent door.
  8781 | D:7      | Found a large runed translucent door.
  8782 | D:7      | Noticed a white ugly thing
  8790 | D:7      | Mangled by a white ugly thing

Illustrated notes

Levels and vault maps discovered:
D:1:      minmay_arrival_nine_rooms, layout_basic, minmay_misc_feat_chi
D:2:      layout_loops_ring, old_standard_altar, grunt_gozag_statues,
          uniq_sigmund, uniq_robin
D:3:      layout_basic, marbit_many_paths, cheibrodos_ashenzari_chains,
          kennysheep_okawaru_gauntlet, uniq_grinder
D:4:      layout_cave_pools, cheibrodos_sewer_entry_drain,
          kennysheep_generic_room_6
D:5:      layout_cave_pods, minmay_temple_entry_statues, dk_vineyard_2,
          minivault_5
D:6:      layout_loops_corners, regret_index_temple_of_mockery,
          nicolae_tso_besieged_by_evil, serial_park_tiny_1
D:7:      layout_basic, grunt_qazlal_clouds, minmay_hollow_rounded_squares

Skill      XL: |  1  2  3  4  5  6  7  8  9 |
---------------+----------------------------+-----
Dodging        | 2 3 |  3.8
Fighting       | 1 2 3 |  3.0
Short Blades   | 1 2 4 |  4.6
Spellcasting   | 4 5 6 |  6.4
Conjurations   | 2 3 |  3.2
Stealth        | 4 5 |  5.7
Summonings     | 3 4 |  4.1
Shields        | 1 |  1.4
Maces & Flails | |  0.9
Translocations | |  1.1
Transmutations | |  0.4

Action                   |  1- 3 |  4- 6 |  7- 9 || total
-------------------------+-------+-------+-------++-------
Melee: Dagger            |    67 |    71 |   191 ||   329
       Whip              |       |       |    18 ||    18
 Cast: Magic Dart        |    38 |    95 |    95 ||   228
       Call Imp          |       |    19 |    54 ||    73
       Passwall          |       |     3 |       ||     3
       Blink             |       |     1 |     3 ||     4
  Use: Scroll            |       |     5 |     9 ||    14
       Potion            |       |     3 |     1 ||     4
 Stab: Sleeping          |     2 |     1 |     3 ||     6
       Distracted        |       |       |     4 ||     4
Armor: Robe              |    43 |    35 |    52 ||   130
Dodge: Dodged            |    66 |    47 |   109 ||   222
Block: Other             |       |     8 |    37 ||    45
       Reflection        |       |     2 |     1 ||     3

Table legend: (Time is in decaauts)
 A = Elapsed time spent in this place.
 B = Non-inter-level travel time spent in this place.
 C = Inter-level travel time spent in this place.
 D = Time resting spent in this place.
 E = Time spent auto-exploring this place.
 F = Levels seen in this place.
 G = Mean time per level.
                   A        B        C        D        E       F      G
               +--------+--------+--------+--------+--------+-----+--------+
         Total |  10598 |  10359 |    239 |   1688 |   5876 |   7 | 1514.0 |
       Dungeon |  10598 |  10359 |    239 |   1688 |   5876 |   7 | 1514.0 |
               +--------+--------+--------+--------+--------+-----+--------+

Top non-repeatable levels by time:
     D:1: 2193 daAuts
     D:4: 1636 daAuts
     D:2: 1557 daAuts
     D:7: 1405 daAuts
     D:5: 1317 daAuts
     D:3: 1311 daAuts
     D:6: 1176 daAuts
